 Dungeon Crawl Stone Soup version 0.29.0-4-gdea44cf6ec (webtiles) character file.

Game seed: 9203874998897782514

8268 qw the Brawler (level 11, -2/105 HPs)
             Began as a Troll Cinder Acolyte on Sept 1, 2022.
             Was a Priest of Ignis.
             Slain by a cane toad (10 damage)
             ... on level 1 of the Lair of Beasts.
             The game lasted 00:04:48 (8057 turns).

qw the Brawler (Troll Cinder Acolyte)               Turns: 8057, Time: 00:04:48

Health: -2/105     AC: 13    Str: 36    XL:     11   Next: 7%
Magic:  11/11      EV:  9    Int:  8    God:    Ignis [***...]
Gold:   375        SH:  0    Dex:  3    Spells: 12/12 levels left

rFire   + + .      SeeInvis +     - Unarmed
rCold   . . .      Faith    .   (no shield)
rNeg    . . .      Spirit   .   a - +0 robe
rPois   .          Reflect  .   (helmet restricted)
rElec   .          Harm     .   t - +2 cloak {rCorr}
rCorr   +          Rampage  .   (gloves unavailable)
Will    .....                   (boots unavailable)
Stlth   +.........              p - amulet of regeneration
HPRegen 1.87/turn               n - ring of see invisible
MPRegen 0.12/turn               l - ring of protection from fire

@: lethally poisoned (-2 -> -2), fiery-armoured
A: large, unfitting armour, claws 3, regeneration 1, shaggy fur 1, tough skin 1,
antennae 1, deformed body, strong 2
a: Renounce Religion, Fiery Armour, Foxfire Swarm, Rising Flame


You were on level 1 of the Lair of Beasts.
You worshipped Ignis.
Ignis was most pleased with you.
You visited 2 branches of the dungeon, and saw 9 of its levels.

You collected 660 gold pieces.
You spent 285 gold pieces at shops.


Innate Abilities, Weirdness & Mutations

You are too large for most types of armour.
You have claws for hands.
Your natural rate of healing is unusually fast.
You are covered in fur. (AC +1)
You have tough skin. (AC +1)
You have a pair of small antennae on your head.
Armour fits poorly on your strangely shaped body.
Your muscles are very strong. (Str +8, Int/Dex -2)


   Skills:
 - Level 6.1 Fighting
 + Level 3.2 Throwing
 - Level 1.1 Armour
 - Level 1.2 Dodging
 - Level 15.2 Unarmed Combat
 - Level 1.0 Spellcasting
 - Level 2.1 Fire Magic


You had 12 spell levels left.
You didn't know any spells.
Your spell library contained the following spells:

 Spells                   Type           Power      Damage    Failure   Level
 Scorch                   Fire           6%         2d5       24%         2

Inventory:

Missiles
 o - a javelin
 r - a boomerang (quivered)
Armour
 a - a +0 robe (worn)
 t - a +2 cloak of preservation (worn)
Jewellery
 c - a ring of protection from cold
 l - a ring of protection from fire (right claw)
 n - a ring of see invisible (left claw)
 p - an amulet of regeneration (around neck)
Scrolls
 h - a scroll of identify
Potions
 d - 7 potions of curing
 e - a potion of resistance
 f - a potion of invisibility {unknown}
 g - a potion of lignification {unknown}
 i - a potion of ambrosia {unknown}
 j - a potion of flight {unknown}
 k - a potion of might {unknown}
 m - a potion of magic {unknown}
 q - a potion of cancellation {unknown}

Dungeon Overview and Level Annotations

Branches:
Dungeon (8/15)             Temple (0/1) D:4            Lair (1/5) D:8

Altars:
Dithmenos
Sif Muna
Uskayaw
Zin

Shops:
D:6 [   D:7 *


Message History

Harold is moderately wounded.
Harold hits you with a +2 vorpal long sword!!
You eviscerate Harold!!!
Harold is almost dead.
Harold drinks a potion.
Harold is healed!
You barely miss Harold.
Harold is severely wounded.
The cane toad barely misses you.
You mangle Harold!!
Harold is almost dead.
Harold hits you with a +2 vorpal long sword!
Harold is burned by your cloak of flames.
Harold is almost dead.
The cane toad barely misses you.
You claw Harold!
You kill Harold!
Harold gasps with his last breath, "I wish I had worked less..."
The cane toad stings you.
You are poisoned.
The cane toad poisons you!
The cane toad is burned by your cloak of flames.
The cane toad is lightly wounded.
Your Unarmed Combat skill increases to level 15!
You have reached level 11!
You scratch the cane toad but do no damage.
The cane toad is lightly wounded.
You feel very sick. The cane toad stings you.
The cane toad is burned by your cloak of flames.
The cane toad is moderately wounded.
You barely miss the cane toad.
The cane toad is moderately wounded.
You feel very sick.
You closely miss the cane toad.
The cane toad is moderately wounded.
You feel sick. The cane toad barely misses you.
You mangle the cane toad!!
The cane toad is almost dead.
You feel sick. The cane toad stings you!
You die...

#...# #...# ..## #...#
#..>####...# ..
#.##...###...##.....##..
........................
.......>................
#.......................
#.......................
#............?...F......
#...............@)......
!...........^...........
........................
.......................
......................
###########..........
........... ##..........


You could see a cane toad.

Vanquished Creatures
  Harold (Lair:1)
  2 slime creatures (D:8)
  A polar bear (D:7)
  5 wyverns (D:8)
  8 yaks
  2 steam dragons
  5 water moccasins
  4 ice beasts
  An orc warrior (D:7)
  A sky beast (D:6)
  2 black bears
  An ogre (D:5)
  3 centaurs
  2 wolves (D:8)
  5 kobold brigands
  A necrophage (D:3)
  5 scorpions
  A bullfrog (D:7)
  2 gnoll sergeants
  13 wights
  6 killer bees (D:7)
  2 electric eels (D:8)
  5 howler monkeys
  10 jellies
  4 hounds
  5 iguanas
  An orc priest (D:4)
  2 gnoll boudas
  An orc wizard (D:8)
  2 centaur simulacra (D:8)
  An adder (D:4)
  12 gnolls
  2 white imps (D:8)
  2 howler monkey simulacra (D:8)
  An ufetubus (D:5)
  4 worms
  A dart slug (D:3)
  7 orcs
  6 bats
  9 endoplasms
  4 giant cockroaches
  10 goblins
  9 hobgoblins
  2 quokkas
  8 ball pythons
  12 frilled lizards
  16 kobolds
  4 rats
  2 bushes (D:8)
215 creatures vanquished.

Vanquished Creatures (others)
  7 fungi (D:8)
  16 plants
  11 toadstools (D:8)
34 creatures vanquished.

Grand Total: 249 creatures vanquished

Notes
Turn   | Place    | Note
-------+----------+-------------------------------------------
     0 | D:1      | qw the Troll Cinder Acolyte began the quest for the Orb.
     0 | D:1      | Reached XP level 1. HP: 22/22 MP: 1/1
     0 | D:1      | 0 ||| qw: Version: 0.1-a-97-g2dd2ca4
     0 | D:1      | 0 ||| qw: Game counter: 4895
     0 | D:1      | 0 ||| qw: Always use a shield: true
     0 | D:1      | 0 ||| qw: God list: Okawaru
     0 | D:1      | 0 ||| qw: Allow faded altars: false
     0 | D:1      | 0 ||| qw: Do Orc after D:15 true
     0 | D:1      | 0 ||| qw: Do second Lair branch before Depths: true
     0 | D:1      | 0 ||| qw: Lair rune preference: random
     0 | D:1      | 0 ||| qw: Plans: Normal
     0 | D:1      | 0 ||| PLANNING D:1-11
   129 | D:1      | Reached XP level 2. HP: 29/29 MP: 2/2
   302 | D:1      | Found a faded altar of an unknown god.
   513 | D:1      | 513 ||| DROPPING scarf of shadows.
   514 | D:1      | 514 ||| READING scroll labelled EFOICIHYAN.
   515 | D:1      | 515 ||| READING scroll labelled DEFRINEUS.
   516 | D:1      | 516 ||| DROPPING scroll of immolation.
   616 | D:2      | Reached skill level 4 in Unarmed Combat
   814 | D:2      | Reached XP level 3. HP: 36/36 MP: 3/3
   933 | D:2      | 933 ||| Stepping ~*~*~tactically~*~*~ (stealth).
  1005 | D:2      | 1005 ||| Stepping ~*~*~tactically~*~*~ (stealth).
  1344 | D:2      | 1344 ||| DROPPING amulet of magic regeneration.
  1345 | D:2      | 1345 ||| READING scroll labelled ITROPU FIDI.
  1346 | D:2      | 1346 ||| READING 2 scrolls labelled LIMAR MY RAUN.
  1347 | D:2      | 1347 ||| READING scroll labelled QOSTRU KORHEHOXZUPP.
  1348 | D:2      | 1348 ||| DRINKING 4 green potions.
  1354 | D:3      | 1354 ||| PLANNING SEWER
  1628 | D:3      | 1628 ||| Stepping ~*~*~tactically~*~*~ (hiding).
  1655 | D:3      | 1655 ||| Stepping ~*~*~tactically~*~*~ (stealth).
  1657 | D:3      | 1657 ||| Stepping ~*~*~tactically~*~*~ (stealth).
  1663 | D:3      | 1663 ||| Stepping ~*~*~tactically~*~*~ (outnumbered).
  1898 | D:3      | Reached XP level 4. HP: 44/44 MP: 4/4
  1950 | D:3      | Noticed a necrophage
  1969 | D:3      | Killed a necrophage
  1970 | D:3      | Reached skill level 5 in Unarmed Combat
  1982 | D:3      | 1982 ||| RIP SEWER
  1987 | D:3      | 1987 ||| PLANNING D:1-11
  2157 | D:3      | 2157 ||| Stepping ~*~*~tactically~*~*~ (stealth).
  2164 | D:3      | Reached XP level 5. HP: 50/50 MP: 5/5
  2220 | D:3      | 2220 ||| READING scroll labelled YDDAINKUPUE.
  2221 | D:3      | 2221 ||| READING scroll labelled PYDUMN COMIRI.
  2222 | D:3      | 2222 ||| READING 2 scrolls of identify.
  2222 | D:3      | 2222 ||| IDENTIFYING glowing coppery potion
  2223 | D:3      | 2223 ||| Stepping randomly (stuck).
  2224 | D:3      | 2224 ||| Stepping ~*~*~tactically~*~*~ (cloud).
  2359 | D:4      | Reached skill level 6 in Unarmed Combat
  2424 | D:4      | 2424 ||| Stepping ~*~*~tactically~*~*~ (hiding).
  2426 | D:4      | 2426 ||| FLEEEEING.
  2464 | D:4      | 2464 ||| Stepping ~*~*~tactically~*~*~ (stealth).
  2480 | D:4      | Found a staircase to the Ecumenical Temple.
  2586 | D:4      | Found a glowing silver altar of Zin.
  2652 | D:4      | Reached XP level 6. HP: 59/59 MP: 6/6
  2663 | D:4      | Reached skill level 7 in Unarmed Combat
  2828 | D:4      | Reached skill level 8 in Unarmed Combat
  2828 | D:4      | Reached XP level 7. HP: 66/66 MP: 7/7
  2845 | D:4      | Reached skill level 3 in Fighting
  3430 | D:5      | Entered Level 5 of the Dungeon
  3436 | D:5      | 3436 ||| Stepping ~*~*~tactically~*~*~ (stealth).
  3440 | D:5      | 3440 ||| Stepping ~*~*~tactically~*~*~ (stealth).
  3445 | D:5      | 3445 ||| Stepping ~*~*~tactically~*~*~ (stealth).
  3459 | D:5      | 3459 ||| Stepping ~*~*~tactically~*~*~ (stealth).
  3474 | D:5      | 3474 ||| Stepping ~*~*~tactically~*~*~ (stealth).
  3484 | D:5      | 3484 ||| Stepping ~*~*~tactically~*~*~ (outnumbered).
  3485 | D:5      | 3485 ||| Stepping ~*~*~tactically~*~*~ (outnumbered).
  3487 | D:5      | 3487 ||| Stepping ~*~*~tactically~*~*~ (outnumbered).
  3510 | D:5      | Noticed a steam dragon
  3516 | D:5      | Killed a steam dragon
  3563 | D:5      | Reached skill level 9 in Unarmed Combat
  3671 | D:5      | 3671 ||| Stepping ~*~*~tactically~*~*~ (stealth).
  3678 | D:5      | 3678 ||| Stepping ~*~*~tactically~*~*~ (stealth).
  3706 | D:5      | Reached skill level 1 in Dodging
  3776 | D:5      | 3776 ||| Stepping ~*~*~tactically~*~*~ (hiding).
  3780 | D:5      | Reached XP level 8. HP: 52/75 MP: 8/8
  3784 | D:5      | 3784 ||| Stepping ~*~*~tactically~*~*~ (outnumbered).
  3785 | D:5      | HP: 15/71 [wight/+3 battleaxe (19)]
  3786 | D:5      | 3786 ||| DRINKING potion of heal wounds.
  3787 | D:5      | 3787 ||| INVOKING Fiery Armour.
  3795 | D:5      | HP: 16/70 [wight/+4 spear (5)]
  3855 | D:5      | Found a shadowy altar of Dithmenos.
  4269 | D:5      | 4269 ||| UPGRADING to amulet of regeneration.
  4274 | D:5      | 4274 ||| UPGRADING to ring of protection from cold.
  4275 | D:5      | 4275 ||| DROPPING +6 ring of intelligence.
  4276 | D:5      | 4276 ||| READING scroll labelled ZUTHAQ INOFROA.
  4345 | D:6      | 4345 ||| Stepping ~*~*~tactically~*~*~ (hiding).
  4349 | D:6      | 4349 ||| Stepping ~*~*~tactically~*~*~ (hiding).
  4353 | D:6      | Reached skill level 10 in Unarmed Combat
  4358 | D:6      | 4358 ||| Stepping ~*~*~tactically~*~*~ (outnumbered).
  4549 | D:6      | Identified the +3 ring mail of Xaennuga {-Tele Contam rPois
                  | Str+9}
  4753 | D:6      | Found Qausi's Antique Armour Shoppe.
  4830 | D:6      | 4830 ||| INVOKING Fiery Armour.
  4896 | D:6      | 4896 ||| Stepping ~*~*~tactically~*~*~ (hiding).
  4901 | D:6      | Reached skill level 11 in Unarmed Combat
  5075 | D:6      | 5075 ||| Stepping ~*~*~tactically~*~*~ (stealth).
  5081 | D:6      | 5081 ||| Stepping ~*~*~tactically~*~*~ (stealth).
  5572 | D:6      | 5572 ||| READING scroll labelled OTZUFY GOERO.
  5573 | D:6      | 5573 ||| DRINKING 2 bubbling brown potions.
  5574 | D:6      | 5574 ||| DROPPING potion of degeneration.
  5598 | D:7      | Reached XP level 9. HP: 72/84 MP: 9/9
  5607 | D:7      | 5607 ||| Stepping ~*~*~tactically~*~*~ (stealth).
  5608 | D:7      | 5608 ||| Stepping ~*~*~tactically~*~*~ (stealth).
  5609 | D:7      | 5609 ||| Stepping ~*~*~tactically~*~*~ (stealth).
  5610 | D:7      | 5610 ||| Stepping ~*~*~tactically~*~*~ (stealth).
  5615 | D:7      | 5615 ||| Stepping ~*~*~tactically~*~*~ (outnumbered).
  5616 | D:7      | 5616 ||| Stepping ~*~*~tactically~*~*~ (outnumbered).
  5617 | D:7      | 5617 ||| Stepping ~*~*~tactically~*~*~ (outnumbered).
  5618 | D:7      | 5618 ||| Stepping ~*~*~tactically~*~*~ (outnumbered).
  5619 | D:7      | 5619 ||| Stepping ~*~*~tactically~*~*~ (outnumbered).
  5620 | D:7      | 5620 ||| Stepping ~*~*~tactically~*~*~ (outnumbered).
  5632 | D:7      | Reached skill level 12 in Unarmed Combat
  5690 | D:7      | 5690 ||| Stepping ~*~*~tactically~*~*~ (stealth).
  5702 | D:7      | 5702 ||| INVOKING Fiery Armour.
  5721 | D:7      | 5721 ||| FLEEEEING.
  5722 | D:7      | 5722 ||| FLEEEEING.
  5723 | D:7      | 5723 ||| FLEEEEING.
  5724 | D:7      | 5724 ||| FLEEEEING.
  5725 | D:7      | 5725 ||| FLEEEEING.
  5727 | D:7      | 5727 ||| FLEEEEING.
  5728 | D:7      | 5728 ||| STAIRDANCE
  5744 | D:6      | 5744 ||| READING 2 scrolls of identify.
  5744 | D:6      | 5744 ||| IDENTIFYING blue potion
  5745 | D:6      | 5745 ||| DROPPING potion of attraction.
  5757 | D:7      | 5757 ||| Stepping ~*~*~tactically~*~*~ (stealth).
  5758 | D:7      | 5758 ||| Stepping ~*~*~tactically~*~*~ (stealth).
  5760 | D:7      | 5760 ||| Stepping ~*~*~tactically~*~*~ (hiding).
  5769 | D:7      | 5769 ||| Stepping ~*~*~tactically~*~*~ (outnumbered).
  5772 | D:7      | 5772 ||| Stepping ~*~*~tactically~*~*~ (outnumbered).
  5929 | D:7      | 5929 ||| Stepping ~*~*~tactically~*~*~ (stealth).
  5934 | D:7      | 5934 ||| Stepping ~*~*~tactically~*~*~ (stealth).
  5943 | D:7      | 5943 ||| Stepping ~*~*~tactically~*~*~ (outnumbered).
  5944 | D:7      | 5944 ||| Stepping ~*~*~tactically~*~*~ (outnumbered).
  5945 | D:7      | 5945 ||| Stepping ~*~*~tactically~*~*~ (outnumbered).
  5946 | D:7      | 5946 ||| Stepping ~*~*~tactically~*~*~ (outnumbered).
  5947 | D:7      | 5947 ||| Stepping ~*~*~tactically~*~*~ (outnumbered).
  5948 | D:7      | 5948 ||| Stepping ~*~*~tactically~*~*~ (outnumbered).
  6086 | D:7      | Reached skill level 1 in Throwing
  6201 | D:7      | 6201 ||| Stepping ~*~*~tactically~*~*~ (stealth).
  6291 | D:7      | Found Wuyrphyix's Neck Hole.
  6306 | D:7      | 6306 ||| BUYING +0 cloak (49 gold).
  6306 | D:7      | Bought a +0 cloak for 49 gold pieces
  6306 | D:7      | 6306 ||| BUYING +2 cloak of preservation (236 gold).
  6306 | D:7      | Bought a +2 cloak of preservation for 236 gold pieces
  6359 | D:7      | Reached skill level 13 in Unarmed Combat
  6361 | D:7      | 6361 ||| INVOKING Fiery Armour.
  6363 | D:7      | HP: 16/88 [gnoll sergeant/+0 spear (8)]
  6364 | D:7      | HP: 6/88 [gnoll/+2 vorpal spear[a gnoll sergeant] (8)]
  6525 | D:7      | 6525 ||| UPGRADING to +0 cloak.
  6530 | D:7      | 6530 ||| UPGRADING to +2 cloak of preservation.
  6540 | D:7      | 6540 ||| DROPPING +0 cloak.
  6541 | D:7      | 6541 ||| UPGRADING to ring of protection from fire.
  6542 | D:7      | 6542 ||| READING scroll labelled CEKHLO DOSU.
  6543 | D:7      | 6543 ||| DRINKING 2 sedimented purple potions.
  6543 | D:7      | Gained mutation: You are partially covered in large bone
                  | plates. (SH +4) [potion of mutation]
  6543 | D:7      | Gained mutation: You are occasionally teleported next to
                  | monsters. [potion of mutation]
  6543 | D:7      | Gained mutation: Your mind is acute. (Int +4, Str/Dex -1)
                  | [potion of mutation]
  6543 | D:7      | Gained mutation: You have a pair of small antennae on your
                  | head. [potion of mutation]
  6544 | D:7      | 6544 ||| DRINKING potion of mutation.
  6544 | D:7      | Lost mutation: You are occasionally teleported next to
                  | monsters. [potion of mutation]
  6544 | D:7      | Lost mutation: You are partially covered in large bone
                  | plates. (SH +4) [potion of mutation]
  6544 | D:7      | Lost mutation: Your mind is acute. (Int +4, Str/Dex -1)
                  | [potion of mutation]
  6544 | D:7      | Gained mutation: Armour fits poorly on your strangely
                  | shaped body. [potion of mutation]
  6544 | D:7      | Gained mutation: Your muscles are strong. (Str +4, Int/Dex
                  | -1) [potion of mutation]
  6544 | D:7      | Gained mutation: Your muscles are very strong. (Str +8,
                  | Int/Dex -2) [potion of mutation]
  6545 | D:7      | 6545 ||| READING 2 scrolls of identify.
  6545 | D:7      | 6545 ||| IDENTIFYING murky cyan potion
  6563 | D:8      | 6563 ||| INVOKING Fiery Armour.
  6564 | D:8      | Noticed a polar bear
  6572 | D:8      | 6572 ||| Stepping ~*~*~tactically~*~*~ (outnumbered).
  6573 | D:8      | 6573 ||| Stepping ~*~*~tactically~*~*~ (outnumbered).
  6574 | D:8      | 6574 ||| STAIRDANCE
  6578 | D:7      | Reached XP level 10. HP: 54/96 MP: 10/10
  6580 | D:7      | Reached skill level 3 in Throwing
  6621 | D:8      | Reached skill level 1 in Armour
  6749 | D:8      | 6749 ||| Stepping ~*~*~tactically~*~*~ (stealth).
  6801 | D:8      | Found a shimmering blue altar of Sif Muna.
  6990 | D:8      | 6990 ||| Stepping ~*~*~tactically~*~*~ (outnumbered).
  6991 | D:8      | 6991 ||| Stepping ~*~*~tactically~*~*~ (outnumbered).
  6992 | D:8      | 6992 ||| Stepping ~*~*~tactically~*~*~ (outnumbered).
  6993 | D:8      | 6993 ||| Stepping ~*~*~tactically~*~*~ (outnumbered).
  6996 | D:8      | 6996 ||| FLEEEEING.
  6997 | D:8      | 6997 ||| FLEEEEING.
  6998 | D:8      | 6998 ||| FLEEEEING.
  6999 | D:8      | 6999 ||| FLEEEEING.
  7000 | D:8      | 7000 ||| FLEEEEING.
  7001 | D:8      | 7001 ||| FLEEEEING.
  7003 | D:8      | 7003 ||| FLEEEEING.
  7004 | D:8      | 7004 ||| FLEEEEING.
  7005 | D:8      | 7005 ||| FLEEEEING.
  7006 | D:8      | 7006 ||| FLEEEEING.
  7007 | D:8      | 7007 ||| FLEEEEING.
  7008 | D:8      | 7008 ||| FLEEEEING.
  7009 | D:8      | 7009 ||| FLEEEEING.
  7011 | D:8      | 7011 ||| FLEEEEING.
  7012 | D:8      | 7012 ||| FLEEEEING.
  7013 | D:8      | 7013 ||| FLEEEEING.
  7014 | D:8      | 7014 ||| STAIRDANCE
  7023 | D:7      | 7023 ||| READING scroll labelled ICE JENU MUASK.
  7097 | D:8      | 7097 ||| Stepping ~*~*~tactically~*~*~ (stealth).
  7117 | D:8      | 7117 ||| INVOKING Fiery Armour.
  7121 | D:8      | 7121 ||| FLEEEEING.
  7122 | D:8      | 7122 ||| FLEEEEING.
  7123 | D:8      | 7123 ||| FLEEEEING.
  7124 | D:8      | 7124 ||| FLEEEEING.
  7125 | D:8      | 7125 ||| FLEEEEING.
  7126 | D:8      | 7126 ||| FLEEEEING.
  7127 | D:8      | 7127 ||| FLEEEEING.
  7158 | D:8      | 7158 ||| FLEEEEING.
  7160 | D:8      | 7160 ||| FLEEEEING.
  7161 | D:8      | 7161 ||| FLEEEEING.
  7162 | D:8      | 7162 ||| FLEEEEING.
  7163 | D:8      | 7163 ||| FLEEEEING.
  7164 | D:8      | 7164 ||| FLEEEEING.
  7165 | D:8      | 7165 ||| FLEEEEING.
  7166 | D:8      | 7166 ||| FLEEEEING.
  7167 | D:8      | 7167 ||| FLEEEEING.
  7168 | D:8      | 7168 ||| FLEEEEING.
  7169 | D:8      | 7169 ||| FLEEEEING.
  7170 | D:8      | 7170 ||| FLEEEEING.
  7171 | D:8      | 7171 ||| FLEEEEING.
  7172 | D:8      | 7172 ||| FLEEEEING.
  7173 | D:8      | 7173 ||| FLEEEEING.
  7174 | D:8      | 7174 ||| FLEEEEING.
  7175 | D:8      | 7175 ||| FLEEEEING.
  7176 | D:8      | 7176 ||| FLEEEEING.
  7177 | D:8      | 7177 ||| FLEEEEING.
  7183 | D:8      | Reached skill level 14 in Unarmed Combat
  7249 | D:8      | 7249 ||| Stepping ~*~*~tactically~*~*~ (stealth).
  7299 | D:8      | 7299 ||| Stepping ~*~*~tactically~*~*~ (hiding).
  7303 | D:8      | 7303 ||| Stepping ~*~*~tactically~*~*~ (hiding).
  7315 | D:8      | Reached skill level 6 in Fighting
  7363 | D:8      | Found a staircase to the Lair.
  7786 | D:8      | Found a hide-covered altar of Uskayaw.
  7787 | D:8      | 7787 ||| Stepping ~*~*~tactically~*~*~ (stealth).
  8004 | D:8      | 8004 ||| PLANNING LAIR
  8004 | D:8      | 8004 ||| UPGRADING to ring of see invisible.
  8006 | D:8      | 8006 ||| READING scroll labelled USIG YPHOLAU.
  8022 | Lair:1   | Entered Level 1 of the Lair of Beasts
  8040 | Lair:1   | Noticed Harold
  8043 | Lair:1   | Noticed a cane toad
  8044 | Lair:1   | 8044 ||| INVOKING Fiery Armour.
  8052 | Lair:1   | HP: 22/98 [Harold/+2 vorpal long sword (17)]
  8053 | Lair:1   | Killed Harold
  8054 | Lair:1   | Reached skill level 15 in Unarmed Combat
  8054 | Lair:1   | Reached XP level 11. HP: 17/105 MP: 11/11
  8055 | Lair:1   | HP: 9/105 [poisoned by a cane toad]
  8057 | Lair:1   | Slain by a cane toad

Levels and vault maps discovered:
D:1:      denvon_arrival_waterhouse, layout_rooms,
          hellmonk_ecumenical_altar_blasted
D:2:      layout_basic, serial_curves, eino_curves_02, eino_curves_03
D:3:      layout_basic, portal_sewer_entry_b
D:4:      layout_basic, general_overflow_altar, minmay_temple_entry_overgrown
D:5:      layout_basic, nicolae_dithmenos_shadow_blocks, chequers_jeans,
          minmay_lizard_king, uniq_crazy_yiuf_cottage
D:6:      layout_layer_cave, serial_rivers, chequers_serial_rivers_micro_b,
          chequers_serial_rivers_micro_a, chequers_serial_rivers_micro_d,
          chequers_serial_rivers_large_b, chequers_serial_rivers_room_a,
          serial_shops, nicolae_shop_hallway_stairs
D:7:      layout_basic, minmay_stone_trees_small,
          nicolae_shop_sticking_my_neck_out
D:8:      cheibrodos_fertilizer, layout_loops_corners, kennysheep_mini,
          nicolae_uskayaw_dance_studio, minmay_lair_entry_grove, serial_ice,
          serial_ice_g, serial_ice_a, serial_ice_m, serial_ice_j, serial_ice_e,
          serial_ice_h, minmay_misc_feat_diagonals, grunt_decor_fettered
Lair:1:   layout_gridlike, nicolae_volcano_entry_vermiform, uniq_harold

Skill      XL: |  1  2  3  4  5  6  7  8  9 10 |
---------------+-------------------------------+-----
Unarmed Combat | 4 5 6 8 9 11 13 15 | 15.2
Fighting       | 3 4 5 6 |  6.1
Dodging        | 1 |  1.2
Throwing       | 2 3 |  3.2
Armour         | 1 |  1.1
Spellcasting   | |  1.0
Fire Magic     | |  2.1

Action                   |  1- 3 |  4- 6 |  7- 9 | 10-12 || total
-------------------------+-------+-------+-------+-------++-------
Melee: Unarmed           |   123 |    77 |   228 |   171 ||   599
       Punch             |     1 |       |     9 |     8 ||    18
Throw: Javelin           |       |       |     6 |     4 ||    10
       Boomerang         |       |       |     2 |    39 ||    41
Invok: Fiery Armour      |       |       |     5 |     2 ||     7
  Use: Scroll            |     5 |     3 |     5 |     2 ||    15
       Potion            |     1 |       |     4 |       ||     5
Armor: Robe              |    50 |    12 |    77 |    22 ||   161
Dodge: Dodged            |    58 |    32 |   118 |    39 ||   247

Table legend:
 A = Non-vault XP
 B = Vault XP
 C = Vault XP percentage of total XP
 D = Non-vault monster count
 E = Vault monster count
 F = Vault count percentage of total count
                 A         B        C        D         E       F
            +---------+---------+-------+---------+---------+-------
      Total |    7151 |    4661 |  39.5 |     156 |      57 |  26.8
            +---------+---------+-------+---------+---------+-------
        D:1 |      25 |       0 |   0.0 |      15 |       0 |   0.0
        D:2 |      32 |       0 |   0.0 |      16 |       0 |   0.0
        D:3 |     139 |       1 |   0.7 |      21 |       1 |   4.5
        D:4 |     751 |       0 |   0.0 |      25 |       0 |   0.0
        D:5 |     744 |      49 |   6.2 |      12 |      10 |  45.5
        D:6 |     984 |       0 |   0.0 |      15 |       0 |   0.0
        D:7 |    2683 |     413 |  13.3 |      34 |       2 |   5.6
        D:8 |    1793 |    3320 |  64.9 |      18 |      43 |  70.5
     Lair:1 |       0 |     878 | 100.0 |       0 |       1 | 100.0
            +---------+---------+-------+---------+---------+-------
